 Dungeon Crawl Stone Soup version 0.22.1-1-ga44c0e5 (webtiles) character file.

1731 Zebedee the Skirmisher (level 8, 0/71 HPs)
             Began as a Centaur Arcane Marksman on Oct 11, 2018.
             Succumbed to a killer bee's poison
             ... on level 7 of the Dungeon.
             The game lasted 00:22:17 (7883 turns).

Zebedee the Skirmisher (Centaur Arcane Marksman)    Turns: 7883, Time: 00:22:18

Health: 0/71       AC:  8    Str: 19    XL:     8   Next: 76%
Magic:  9/9        EV:  8    Int: 20    God:
Gold:   344        SH:  0    Dex: 11    Spells: 8/9 levels left

rFire    + . .     SeeInvis .   a - +4 hunting sling of Strategic Superiority {freeze, Stlth+}
rCold    + . .     Gourm    .   (no shield)
rNeg     . . .     Faith    .   q - +0 scale mail
rPois    +         Spirit   .   (no helmet)
rElec    +         Reflect  .   s - +0 cloak
rCorr    +         Harm     .   (no gloves)
MR       .....                  (no barding)
Stlth    +.........             E - amulet of the acrobat
HPRegen  0.21/turn              F - +3 ring of intelligence
MPRegen  0.11/turn              r - ring of flight

@: mighty, brilliant, lethally poisoned (0 -> -18), resistant, flying, very
quick
A: large, hooves 3, deformed body, speed 2, tough skin 3
a: no special abilities


You were on level 7 of the Dungeon.
You were not hungry.

You visited 1 branch of the dungeon, and saw 7 of its levels.

You collected 344 gold pieces.

Inventory:

Hand Weapons
 a - the +4 hunting sling of Strategic Superiority (weapon) {freeze, Stlth+}
   (You found it on level 4 of the Dungeon)

   It causes projectiles fired from it to freeze those they strike, causing
   extra injury to most foes and up to half again as much damage against
   particularly susceptible opponents.
   They can also slow down cold-blooded creatures.
   It makes you more stealthy.
 b - a +2 quarterstaff of chaos
 j - a +0 club
 x - a +0 shortbow
 H - a +0 trident
Missiles
 d - 133 arrows
 g - 40 sling bullets (quivered)
 i - 20 poisoned needles
 m - 7 needles of confusion
 t - 178 stones
 v - 8 needles of sleeping
Armour
 e - a +0 robe
 q - a +0 scale mail (worn)
 s - a +0 cloak (worn)
Jewellery
 r - a ring of flight (right hand)
 y - an uncursed ring of fire
 D - an uncursed ring of fire
 E - an amulet of the acrobat (around neck)
 F - a +3 ring of intelligence (left hand)
 J - an uncursed ring of attention
 L - an uncursed ring of teleportation
Wands
 C - a wand of digging (13)
 I - a wand of flame (22)
Scrolls
 h - 5 scrolls of identify
 k - 5 scrolls of remove curse
 o - 3 scrolls of immolation
 u - 2 scrolls of enchant armour {unknown}
 z - a scroll of vulnerability {unknown}
 A - a scroll of blinking {unknown}
 G - a scroll of magic mapping {unknown}
Potions
 w - a potion of brilliance
Comestibles
 f - 14 rations
 K - 3 chunks of flesh


   Skills:
 * Level 6.3 Fighting
 + Level 6.2 Slings
 + Level 5.2 Bows
 * Level 4.5 Armour
 - Level 1.4 Dodging
 - Level 1.0 Spellcasting
 - Level 2.9 Hexes


You had 8 spell levels left.
You knew the following spells:

 Your Spells              Type           Power        Failure   Level  Hunger
a - Corona                Hex            ###....      1%          1    ##.....

Your spell library contained the following spells:

 Spells                   Type           Power        Failure   Level  Hunger
 Slow                     Hex            ###.....     2%          2    ###....
 Freeze                   Ice            ##..         5%          1    ##.....
 Throw Frost              Conj/Ice       ##....       9%          2    ###....
 Inner Flame              Hex/Fire       ###.....     10%         3    ####...
 Portal Projectile        Hex/Tloc       ###...       10%         3    ####...
 Ozocubu's Armour         Chrm/Ice       ##......     16%         3    ####...
 Cause Fear               Hex            ###.......   16%         4    #####..
 Leda's Liquefaction      Hex/Erth       ###.......   26%         4    #####..
 Summon Ice Beast         Ice/Summ       ##......     41%         4    #####..
 Throw Icicle             Conj/Ice       ##......     41%         4    #####..


Dungeon Overview and Level Annotations

Branches:
Dungeon (7/15)
 Temple: D:4-7

Altars:
Gozag
Nemelex Xobeh
Trog
Uskayaw
Xom
Yredelemnul
Zin


Innate Abilities, Weirdness & Mutations

You have hooves in place of feet.
Armour fits poorly on your strangely shaped body.
You cover ground very quickly.
You have extremely tough skin. (AC +3)


Message History

* * * LOW HITPOINT WARNING * * *
The killer bee stings you but does no damage.
The killer bee stings you.
* * * LOW HITPOINT WARNING * * *
It was a potion of flight.
You feel very buoyant.
You fly up into the air.
* * * LOW HITPOINT WARNING * * *
You feel very sick.
The killer bee stings you but does no damage.
The killer bee barely misses you. The killer bee closely misses you.
The killer bee stings you but does no damage.
It was a potion of might.
You feel very mighty all of a sudden.
* * * LOW HITPOINT WARNING * * *
You feel sick. The killer bee closely misses you.
The killer bee stings you but does no damage.
The killer bee barely misses you. x2
It was a potion of magic.
Magic courses through your body.
You die...

### #<# #.# #.# # #.# #. #####
##### #####.# ##.###...###...#
######...#.####
.[.............####....#...#.#...
.........(.(...y@......+.....'...
##..#.##.......#y......#...###...
## #.##...............#..(######
#+##.......###...............
..........# #...............
..........###...............
.....#.#####.................
.....#..........####.........
....#...)......# #.........


You could see 2 killer bees.

Vanquished Creatures
  A hippogriff (D:5)
  An orc warrior (D:7)
  A black bear (D:5)
  2 ogres
  A phantom (D:5)
  A centaur (D:5)
  A big kobold (D:4)
  A bullfrog (D:7)
  2 scorpions (D:4)
  2 killer bees (D:7)
  2 crimson imps (D:5)
  A hound (D:6)
  A bullfrog zombie (D:6)
  An orc priest (D:4)
  A centaur skeleton (D:4)
  Crazy Yiuf (D:2)
  A bullfrog skeleton (D:4)
  Terence (D:2)
  An orc wizard (D:3)
  7 worker ants
  A killer bee zombie (D:5)
  A hound skeleton (D:6)
  9 adders
  An adder skeleton (D:4)
  4 worms
  2 dart slugs
  7 leopard geckos
  16 orcs
  11 bats
  8 giant cockroaches
  4 goblins
  4 hobgoblins
  7 jackals
  11 kobolds
  3 quokkas
  8 frilled lizards
  A quokka skeleton (D:6)
  6 rats
134 creatures vanquished.

Notes
Turn   | Place    | Note
-------+----------+-------------------------------------------
     0 | D:1      | Zebedee the Centaur Arcane Marksman began the quest for the
                  | Orb.
     0 | D:1      | Reached XP level 1. HP: 16/16 MP: 2/2
   216 | D:1      | Reached XP level 2. HP: 17/23 MP: 3/3
  1869 | D:2      | Noticed Terence
  2246 | D:2      | Reached XP level 3. HP: 23/29 MP: 4/4
  2420 | D:2      | Killed Terence
  2478 | D:2      | Found a hide-covered altar of Uskayaw.
  2491 | D:2      | Reached XP level 4. HP: 32/37 MP: 5/5
  2807 | D:2      | Found a bloodstained altar of Trog.
  2857 | D:2      | Found a runed door.
  3382 | D:2      | Noticed Crazy Yiuf
  3400 | D:2      | Killed Crazy Yiuf
  3521 | D:3      | Reached XP level 5. HP: 40/45 MP: 6/6
  3578 | D:3      | Found a shimmering altar of Xom.
  3854 | D:3      | Reached skill level 1 in Armour
  3924 | D:3      | Found an opulent altar of Gozag.
  4295 | D:3      | Reached skill level 5 in Bows
  4654 | D:4      | Found a sparkling altar of Nemelex Xobeh.
  4803 | D:4      | Reached XP level 6. HP: 41/52 MP: 7/7
  5198 | D:4      | Found a glowing silver altar of Zin.
  5202 | D:4      | Got a dazzling hunting sling
  5203 | D:4      | Identified the +4 hunting sling of Strategic Superiority
                  | {freeze, Stlth+} (You found it on level 4 of the Dungeon)
  5502 | D:4      | Reached skill level 1 in Slings
  5547 | D:4      | Reached XP level 7. HP: 57/60 MP: 8/8
  6207 | D:5      | Entered Level 5 of the Dungeon
  6406 | D:5      | Reached skill level 5 in Fighting
  6433 | D:5      | Noticed a hippogriff
  6481 | D:5      | Killed a hippogriff
  6692 | D:5      | Reached XP level 8. HP: 68/68 MP: 9/9
  6746 | D:5      | Reached skill level 5 in Slings
  7445 | D:6      | Found a basalt altar of Yredelemnul.
  7881 | D:7      | HP: 3/71 [poisoned by a killer bee]
  7883 | D:7      | Succumbed to a killer bee's poison

Skill      XL: |  1  2  3  4  5  6  7  8 |
---------------+-------------------------+-----
Bows           | 3 4 5 |  5.2
Fighting       | 2 3 4 5 6 |  6.3
Armour         | 1 2 3 4 |  4.5
Slings         | 1 4 6 |  6.2
Dodging        | |  1.4
Spellcasting   | |  1.0
Hexes          | |  2.9

Action                   |  1- 3 |  4- 6 |  7- 9 || total
-------------------------+-------+-------+-------++-------
Melee: Club              |    90 |    33 |       ||   123
       Shortbow          |     6 |       |       ||     6
       Kick              |    17 |    29 |    13 ||    59
       Quarterstaff      |       |   107 |    71 ||   178
 Fire: Shortbow          |    44 |     4 |       ||    48
       Hunting sling     |       |    46 |   126 ||   172
Evoke: Wand              |       |       |     5 ||     5
  Use: Scroll            |       |     3 |     1 ||     4
       Potion            |       |       |     9 ||     9
 Stab: Paralysed         |       |       |     1 ||     1
  Eat: Chunk             |     3 |     9 |     6 ||    18
Armor: Robe              |    58 |       |       ||    58
       Scale mail        |     1 |    79 |    83 ||   163
Dodge: Dodged            |    82 |    55 |    77 ||   214
